 Dungeon Crawl Stone Soup version 0.29.1-15-g9cfb28693d (webtiles) character file.

Game seed: 6591007890793919838

4 Ast3rio the Firebug (level 1, -3/11 HPs)
             Began as an Octopode Fire Elementalist on Mar 14, 2023.
             Slain by a gnoll
             ... wielding a +0 club
              (7 damage)
             ... on level 1 of the Dungeon.
             The game lasted 00:00:27 (174 turns).

Ast3rio the Firebug (Octopode Fire Elementalist)     Turns: 174, Time: 00:00:28

Health: -3/11      AC:  1    Str:  7    XL:     1   Next: 60%
Magic:  2/3        EV: 13    Int: 17    God:
Gold:   15         SH:  0    Dex: 12    Spells: 3/4 levels left

rFire   . . .      SeeInvis .   (no weapon)
rCold   . . .      Faith    .   (no shield)
rNeg    . . .      Spirit   .   (helmet restricted)
rPois   .          Reflect  .   (no amulet)
rElec   .          Harm     .   (no ring)
rCorr   .          Rampage  .   (no ring)
Will    .....                   (no ring)
Stlth   +++.......              (no ring)
HPRegen 0.03/turn               (no ring)
MPRegen 0.08/turn               (no ring)
                                (no ring)
                                (no ring)

@: no status effects
A: almost no armour, amphibious, 8 rings, camouflage 1, gelatinous body 1,
(nimble swimmer 1), tentacles
a: no special abilities


You were on level 1 of the Dungeon.
You visited 1 branch of the dungeon, and saw 1 of its levels.

You collected 15 gold pieces.

Inventory:

Hand Weapons
 d - a +4 dagger
Scrolls
 b - a scroll of fear {unknown}
 c - a scroll of vulnerability {unknown}
Potions
 a - a potion of magic


   Skills:
 + Level 2.0 Dodging
 + Level 2.8 Stealth
 + Level 2.0 Spellcasting
 + Level 1.1 Conjurations
 + Level 3.0 Fire Magic


You had 3 spell levels left.
You knew the following spells:

 Your Spells              Type           Power      Damage    Failure   Level
a - Foxfire               Conj/Fire      32%        2x1d5     9%          1

Your spell library contained the following spells:

 Spells                   Type           Power      Damage    Failure   Level
 Scorch                   Fire           24%        2d6       9%          2
 Conjure Flame            Conj/Fire      8%         6-21      24%         3
 Inner Flame              Hex/Fire       6%         N/A       30%         3
 Flame Wave               Conj/Fire      8%         2d5       63%         4


Dungeon Overview and Level Annotations

Branches:
Dungeon (1/15)

Altars:


Innate Abilities, Weirdness & Mutations

You cannot wear most types of armour.
You are amphibious.
You can wear up to eight rings at the same time.
Your skin changes colour to match your surroundings (Stealth+).
Your rubbery body absorbs attacks. (AC +1, EV +1)
((You are camouflaged when in or above water. (Stealth+)))
You have tentacles for arms and can constrict up to eight enemies at once.


Message History

A ball python comes into view.
A ball python is nearby!
A ball python is nearby!
The ball python hisses angrily.
You conjure some foxfire!
You tentacle-slap the ball python. You grab the ball python.
The ball python is heavily wounded.
You constrict the ball python.
The foxfire hits the ball python.
You kill the ball python!
c - a scroll labelled ZUISUL YGRE Your foxfire dissipates!
Found 2 atropa-tipped darts.
A goblin comes into view. It is wielding a +4 dagger.
You see here 15 gold pieces.
You conjure some foxfire!
You conjure some foxfire!
The foxfire hits the goblin.
The goblin is severely wounded.
The goblin shouts!
The foxfire hits the goblin.
You kill the goblin!
You hear a shout!
Your foxfire dissipates! x2
You now have 15 gold pieces.
A gnoll comes into view. It is wielding a +0 club.
You see here 2 atropa-tipped darts.
The gnoll closely misses you.
You barely miss the gnoll. Your grab misses the gnoll.
The gnoll closely misses you. The gnoll hits you with a +0 club!
Ouch! That really hurt!
Things that are here:
a +4 dagger; a goblin corpse You are too injured to fight recklessly!
You are too injured to fight recklessly!
d - a +4 dagger The gnoll misses you.
The gnoll attacks as you move away! The gnoll hits you with a +0 club!
Ouch! That really hurt!
You die...

#####.#####.. ..#
.......#... #.#
#####..#.#########.#
##...#...##....#
###.............## #
#................###.###
#.###...................
#. #..........(...#....
. ##.......@g.†.......
#. ##...##...#.###...# .
#......####### .#.
...###### ...# .#. #


You could see a gnoll.

Vanquished Creatures
  A ball python (D:1)
  A goblin (D:1)
  A bat (D:1)
  A rat (D:1)
4 creatures vanquished.

Vanquished Creatures (others)
  8 foxfires (D:1)
8 creatures vanquished.

Grand Total: 12 creatures vanquished

Notes
Turn   | Place    | Note
-------+----------+-------------------------------------------
     0 | D:1      | Ast3rio the Octopode Fire Elementalist began the quest for
                  | the Orb.
     0 | D:1      | Reached XP level 1. HP: 11/11 MP: 3/3
   174 | D:1      | Slain by a gnoll

Illustrated notes

Levels and vault maps discovered:
D:1:      wander_arrival_desolate, layout_rooms,
          dilly_ecumenical_altar_fadedgnrine, hangedman_decor_slide_cut

Action                   || total
-------------------------++-------
Melee: Unarmed           ||     3
       Constrict         ||     2
       Tentacles         ||     1
 Cast: Foxfire           ||     5
Armor: Skin              ||     1
Dodge: Dodged            ||     5
